 Dungeon Crawl Stone Soup version 0.28.0 (webtiles) character file.

Game seed: 17993179949279689372

732 tizbic2 the Magician (level 8, -5/52 HPs)
             Began as a Djinni Necromancer on Feb 5, 2022.
             Shot with an arrow by a centaur (8 damage)
             ... on level 6 of the Dungeon.
             The game lasted 00:22:33 (5830 turns).

tizbic2 the Magician (Djinni Necromancer)           Turns: 5830, Time: 00:22:33

Health: -5/52      AC:  7    Str: 13    XL:     8   Next: 3%
Gold:   162        EV: 13    Int: 20    God:
                   SH:  0    Dex: 13

rFire   + + .      SeeInvis .   q - +4 hand axe (vamp)
rCold   . . .      Faith    .   (no shield)
rNeg    . . .      Spirit   .   i - +1 scale mail {rC+}
rPois   ∞          Reflect  .   (no helmet)
rElec   .          Harm     .   (no cloak)
rCorr   .          Rampage  .   (no gloves)
Will    .....                   (boots unavailable)
Stlth   ..........              (no amulet)
HPRegen 0.17/turn               l - +4 ring of evasion
MPRegen 0.00/turn               k - +6 ring of strength

@: flying, hasted, very quick
A: sickness immunity, fire resistance 2, cold vulnerability 1, float, innate
caster, HP casting, extra vitality 1
a: no special abilities


You were on level 6 of the Dungeon.
You visited 1 branch of the dungeon, and saw 6 of its levels.

You collected 162 gold pieces.

Inventory:

Hand Weapons
 q - a +4 vampiric hand axe (weapon)
 w - a +0 hunting sling
Missiles
 d - 6 bolts
 e - 137 stones (quivered)
Armour
 a - a +0 robe
 i - a +1 scale mail of cold resistance (worn)
Jewellery
 k - a +6 ring of strength (right hand)
 l - a +4 ring of evasion (left hand)
Wands
 c - a wand of charming (8)
 j - a wand of digging (5)
Scrolls
 b - a scroll of identify
 g - a scroll of immolation {unknown}
 m - a scroll of fog {unknown}
 o - a scroll of vulnerability {unknown}
Potions
 f - a potion of curing {unknown}
 n - a potion of cancellation {unknown}


   Skills:
 + Level 1.4 Fighting
 + Level 0.9 Axes
 * Level 1.3 Armour
 - Level 2.1 Dodging
 - Level 1.5 Stealth
 + Level 6.8 Spellcasting


You had one spell level left.
You knew the following spells:

 Your Spells              Type           Power      Damage    Failure   Level
a - Pain                  Necr           100%       1d9       2%          1
b - Animate Skeleton      Necr           68%        N/A       2%          1
c - Vampiric Draining     Necr           34%        2d8       9%          3
d - Animate Dead          Necr           17%        N/A       26%         4
e - Agony                 Necr           34%        N/A       58%         5
f - Summon Small Mammal   Summ           100%       N/A       2%          1
g - Blink                 Tloc           68%        N/A       4%          2
h - Wereblood             Tmut           34%        N/A       4%          2
Your spell library was empty.

Dungeon Overview and Level Annotations

Branches:
Dungeon (6/15)
 Temple: D:4-7

Altars:


Innate Abilities, Weirdness & Mutations

You are immune to sickness and miasma.
You are immune to poison.
Your flesh is very heat resistant. (rF++)
You are vulnerable to cold. (rC-)
You float through the air rather than walking.
You learn spells naturally, not from books.
Your magical power is your life essence.
You have superior vitality. (+4 MHP)


Message History

Your rat's corpse disappears in a puff of smoke!
The ogre shouts!
Casting: Vampiric Draining (dangerous; 9% risk of failure)
Confirm with . or Enter, or press ? or * to list all spells.
Aiming: Vampiric Draining (dangerous; 9% risk of failure)
Press: ? - help, Shift-Dir - straight line, f/p - ogre
Aim: an ogre, wielding a +0 giant spiked club (almost dead)
You miscast Vampiric Draining.
You are very lightly contaminated with residual magic.
Nothing appears to happen.
Unknown command.
Casting: Vampiric Draining (dangerous; 9% risk of failure)
Confirm with . or Enter, or press ? or * to list all spells.
Aiming: Vampiric Draining (dangerous; 9% risk of failure)
Press: ? - help, Shift-Dir - straight line, f/p - ogre
Aim: an ogre, wielding a +0 giant spiked club (almost dead)
You draw life force from the ogre!
You kill the ogre!
You feel life coursing into your body.
Your Armour skill increases to level 1!
You have reached level 8!
You feel clever.
Your magical contamination has completely faded away.
You start resting.
The centaur wields a +0 shortbow.
The centaur shoots an arrow.
The arrow completely misses you.
The centaur shoots an arrow.
The arrow hits you.
The centaur shoots an arrow.
The arrow hits you.
The centaur shoots an arrow.
The arrow hits you.
The centaur shoots an arrow.
The arrow hits you!
* * * LOW HITPOINT WARNING * * *
It was a potion of haste.
You feel yourself speed up.
The centaur shoots an arrow.
The arrow hits you.
* * * LOW HITPOINT WARNING * * *
The centaur shoots an arrow.
The arrow closely misses you.
The centaur shoots an arrow.
The arrow closely misses you.
The centaur shoots an arrow.
The arrow hits you.
* * * LOW HITPOINT WARNING * * *
The centaur shoots an arrow.
The arrow hits you!
You die...

###############
###.......##....#
#............##'########
#...).....##...........#
#>.....@..........≈≈≈≈..
#'###c######.....#≈≈≈≈..
.........##.#
'.....#≈≈≈≈≈.
.........##..
#.....#≈≈≈≈≈.
...≈≈####....#
#.....##≈≈≈≈≈ ...≈.
....# #.....##≈≈≈≈≈ ...≈
...## .....#####≈≈≈≈ ...
#.# .....# #≈≈≈≈ ... ..


You could see a centaur.

Vanquished Creatures
  The ghost of simonhughes22 the Ruffian, an amateur TrFi (D:3)
  2 ogres
  A bullfrog zombie (D:6)
  A bullfrog skeleton (D:5)
  A hound (D:5)
  An iguana (D:5)
  A scorpion zombie (D:5)
  3 orc wizards
  A gnoll (D:5)
  3 adders
  3 dart slugs
  8 orcs
  6 bats
  5 endoplasms
  3 giant cockroaches
  6 goblins
  5 hobgoblins
  2 jackals (D:3)
  2 quokkas
  A ball python (D:1)
  3 kobolds
  5 rats
64 creatures vanquished.

Vanquished Creatures (collateral kills)
  An orc priest (D:5)
  A hound (D:5)
  An adder (D:3)
  2 orcs (D:5)
  A ball python (D:1)
  2 endoplasms (D:1)
  A goblin (D:1)
  2 hobgoblins
  A kobold (D:2)
12 creatures vanquished.

Vanquished Creatures (others)
  An orc wizard (D:4)
  A bush (D:6)
2 creatures vanquished.

Grand Total: 78 creatures vanquished

Notes
Turn   | Place    | Note
-------+----------+-------------------------------------------
     0 | D:1      | tizbic2 the Djinni Necromancer began the quest for the Orb.
     0 | D:1      | Reached XP level 1. HP: 15/15 MP: 0/0
   237 | D:1      | Reached XP level 2. HP: 15/21 MP: 0/0
   500 | D:1      | HP: 1/21 [hobgoblin (2)]
  1278 | D:1      | Reached XP level 3. HP: 23/25 MP: 0/0
  1278 | D:1      | Learned a level 1 spell: Summon Small Mammal
  1416 | D:1      | Reached skill level 4 in Spellcasting
  2302 | D:2      | Reached XP level 4. HP: 11/31 MP: 0/0
  2959 | D:3      | Found a runed translucent gate.
  2959 | D:3      | Found a runed translucent gate.
  2959 | D:3      | Found a runed translucent gate.
  2959 | D:3      | Noticed simonhughes22's ghost (amateur TrFi)
  3677 | D:3      | Reached XP level 5. HP: 31/35 MP: 0/0
  3677 | D:3      | Learned a level 2 spell: Blink
  3704 | D:3      | Reached skill level 5 in Spellcasting
  4005 | D:3      | Killed simonhughes22's ghost
  4006 | D:3      | Reached XP level 6. HP: 20/40 MP: 0/0
  4379 | D:5      | Entered Level 5 of the Dungeon
  4394 | D:5      | Reached skill level 6 in Spellcasting
  4394 | D:5      | Reached XP level 7. HP: 21/45 MP: 0/0
  4394 | D:5      | Learned a level 2 spell: Wereblood
  5184 | D:5      | Reached skill level 1 in Fighting
  5771 | D:6      | Reached skill level 1 in Armour
  5771 | D:6      | Reached XP level 8. HP: 18/52 MP: 0/0
  5830 | D:6      | Shot with an arrow by a centaur

Illustrated notes

Levels and vault maps discovered:
D:1:      minmay_arrival_up_and_down, layout_rooms, serial_bayou_crossing
D:2:      layout_loops_ring
D:3:      layout_loops_cross, ebering_ghost_rock_garden
D:4:      layout_cave_pods, minmay_fountain_box
D:5:      layout_basic, minmay_misc_feat_chi
D:6:      wander_river, layout_basic, lemuel_crystal_altar,
          gammafunk_ghost_grave, kb_lookout_dungeons_type, uniq_duvessa,
          uniq_prince_ribbit1

Skill      XL: |  1  2  3  4  5  6  7 |
---------------+----------------------+-----
Spellcasting   | 4 5 6 |  6.8
Fighting       | 1 |  1.4
Armour         | 1 |  1.3
Axes           | |  0.9
Dodging        | |  2.1
Stealth        | |  1.5

Action                   |  1- 3 |  4- 6 |  7- 9 || total
-------------------------+-------+-------+-------++-------
Melee: Dagger            |    56 |    18 |       ||    74
       Punch             |     1 |     2 |       ||     3
       Hand axe          |       |    27 |    33 ||    60
 Fire: Hunting sling     |     4 |    11 |       ||    15
Throw: Stone             |     3 |       |       ||     3
 Cast: Pain              |    34 |    13 |     5 ||    52
       Animate Skeleton  |    10 |     6 |     1 ||    17
       Summon Small Mamm |    10 |    28 |    19 ||    57
       Vampiric Draining |       |    19 |     8 ||    27
       Blink             |       |     1 |       ||     1
       Animate Dead      |       |     1 |     2 ||     3
  Use: Potion            |       |     3 |     2 ||     5
       Scroll            |       |     6 |     2 ||     8
 Stab: Sleeping          |     2 |     1 |       ||     3
       Distracted        |       |     1 |       ||     1
Armor: Robe              |    12 |     4 |     5 ||    21
       Scale mail        |       |       |     6 ||     6
Dodge: Dodged            |    69 |    65 |    48 ||   182
